Map: Blackpink LE

Players

HeRoMaRinE

  • Race: Terran Terran
  • Spawn Location: 7:00

Classic - Winner!

  • Race: Protoss Protoss
  • Spawn Location: 1:00

Event: IEM Season 12 - Katowice

VOD

Have the link to the VOD?

Description

Time

  • Played on: March 2, 2018, 1:17 p.m.
  • Length: 9:24

All games in this series

Show
View Real Time Build Order
Export as new Build Order

HeRoMaRinE Terran 

Build Orders: MMM Bio 

Get SALT Encoding   

  12  0:00  SCV  
  13  0:12  SCV  
  14  0:17  Supply Depot  
  14  0:24  SCV  
  15  0:38  SCV  
  15  0:40  Barracks  
  16  0:43  Refinery  
  16  0:50  SCV  
  17  1:02  SCV  
  18  1:14  SCV  
  19  1:26  Marine  
  19  1:27  Orbital Command  
  20  1:44  Command Center  
  20  1:47  Barracks Reactor  
  20  1:53  SCV  
  21  1:57  Barracks  
  21  2:04  Supply Depot  
  21  2:05  SCV  
  22  2:14  Barracks  
  22  2:17  SCV  
  23  2:25  Marine x2  
  23  2:29  SCV  
  26  2:41  SCV  
  26  2:43  Marine x2  
  29  2:44  Barracks Tech Lab  
  29  2:53  SCV  
  29  2:56  Orbital Command  
  30  3:01  Orbital Command  
  30  3:02  Barracks Reactor  
  30  3:03  Stimpack, Marine x3  
  33  3:05  SCV  
  34  3:18  SCV  
  35  3:21  Supply Depot, Marine x3  
  38  3:27  SCV  
  38  3:30  SCV  
  38  3:33  Engineering Bay  
  40  3:38  Marine  
  40  3:39  SCV, Marine x3  
  40  3:41  Marine  
  46  3:42  SCV  
  46  3:44  Supply Depot  
  47  3:52  SCV, Refinery  
  47  3:54  SCV  
  49  3:56  Marine x2  
  49  3:59  Marine, Marauder  
  54  4:05  Missile Turret, Marine  
  54  4:08  Supply Depot  
  55  4:11  Missile Turret  
  55  4:13  SCV x2  
  55  4:16  Marine x2  
  59  4:22  Factory  
  59  4:26  Marine x2  
  59  4:28  SCV  
  59  4:30  SCV  
  61  4:38  Marine x2, Marauder  
  61  4:43  Supply Depot  
  61  4:44  Marine x2  
  65  4:47  Terran Infantry Weapons Level 1  
  65  4:50  Supply Depot  
  65  4:57  Marine  
  65  4:59  Marine, Marauder  
  69  5:01  SCV  
  69  5:03  Combat Shields  
  69  5:05  SCV, Marine x2  
  72  5:19  Marine x2  
  72  5:21  Marauder  
  76  5:23  Marine  
  76  5:27  Marine  
  78  5:33  SCV  
  78  5:34  SCV  
  69  5:35  Factory Reactor, Starport  
  69  5:36  Marine  
  69  5:37  Marine  
  69  5:41  Marine  
  69  5:42  Marauder  
  71  5:45  Marine  
  71  5:54  Marine x2  
  71  5:56  Barracks, Refinery  
  72  5:59  Marine, Barracks  
  72  6:03  Marine  
  72  6:04  Marauder  
  74  6:12  Marine x2  
  74  6:17  Marine  
  74  6:18  SCV x2  
  76  6:21  Marine  
  76  6:22  Refinery  
  76  6:23  Factory Reactor  
  76  6:24  Medivac  
  76  6:25  Marauder  
  81  6:30  Supply Depot, Marine x2  
  81  6:31  Medivac  
  82  6:34  SCV, Marine  
  82  6:35  SCV  
  82  6:39  Marine  
  76  6:41  Terran Infantry Armor Level 1  
  76  6:44  Marine  
  76  6:46  Marine, Marauder  
  80  6:48  Marine x2  
  80  6:52  Marine  
  80  6:53  Supply Depot  
  83  6:55  Medivac  
  83  6:57  Marine  
  83  7:01  Widow Mine x2, Medivac  
  92  7:02  Marine  
  92  7:04  Marine  
  92  7:08  Supply Depot  
  94  7:14  Marine x3  
  94  7:15  Marauder  
  99  7:16  Supply Depot, Liberator  
  99  7:17  Marine  
  99  7:19  Marine  
  99  7:20  Liberator  
  99  7:22  Marine  
  106  7:30  Widow Mine x2  
  106  7:35  Supply Depot  
  112  7:47  Marine x4, Marauder  
  117  7:55  Supply Depot  
  117  7:57  Widow Mine x2  
  121  8:05  Marine  
  121  8:06  Marine  
  121  8:08  Marauder  
  121  8:09  Marine  
  123  8:15  Marine  
  123  8:19  Marine  
  106  8:28  Marine x2  
  106  8:29  Widow Mine, Marauder  
  100  8:37  Marine x2  
  100  8:38  Medivac x2  
  100  8:39  Widow Mine, Marine  
  100  8:40  Marine  
  103  8:46  Marine  
  104  8:51  Widow Mine, Marauder  
  108  9:00  Widow Mine  
  108  9:02  Marine  
Show
View Real Time Build Order
Export as new Build Order

Classic Protoss - Winner!

Build Orders: 1 Gate Expand, Oracle Opening 

Get SALT Encoding   

  12  0:00  Probe  
  13  0:12  Probe  
  14  0:17  Pylon  
  14  0:24  Probe (Chrono Boost)  
  15  0:36  Probe (Chrono Boost)  
  15  0:38  Gateway  
  16  0:45  Probe (Chrono Boost)  
  16  0:46  Assimilator  
  17  0:51  Probe  
  18  1:03  Probe  
  19  1:15  Probe  
  20  1:22  Nexus  
  20  1:32  Cybernetics Core  
  20  1:35  Probe  
  21  1:40  Assimilator  
  21  1:48  Pylon  
  21  1:50  Probe  
  22  2:03  Probe  
  22  2:06  Adept (Chrono Boost)  
  25  2:14  Stargate  
  25  2:15  Probe  
  26  2:24  Warp Gate  
  26  2:26  Adept  
  26  2:27  Probe (Chrono Boost)  
  29  2:37  Probe (Chrono Boost)  
  30  2:39  Probe (Chrono Boost)  
  31  2:46  Probe (Chrono Boost)  
  31  2:47  Probe (Chrono Boost)  
  31  2:51  Probe (Chrono Boost)  
  33  2:53  Probe  
  33  2:55  Oracle (Chrono Boost)  
  38  3:03  Probe  
  40  3:05  Probe  
  40  3:06  Adept  
  40  3:08  Pylon  
  42  3:17  Probe x2  
  44  3:24  Oracle (Chrono Boost)  
  47  3:29  Probe x2, Gateway  
  49  3:36  Gateway  
  49  3:41  Pylon  
  49  3:44  Probe, Assimilator  
  49  3:46  Probe  
  51  3:56  Probe  
  51  3:58  Probe  
  53  4:07  Nexus  
  53  4:09  Pylon  
  53  4:10  Probe x2  
  53  4:14  Assimilator  
  55  4:20  Gateway  
  55  4:28  Probe  
  56  4:35  Adept, Sentry x2  
  57  4:41  Pylon  
  57  4:43  Probe x2  
  57  4:44  Oracle (Chrono Boost), Shield Battery  
  59  4:51  Shield Battery  
  62  4:57  Adept  
  62  4:58  Adept x2  
  68  5:02  Pylon  
  68  5:10  Twilight Council  
  68  5:11  Forge  
  68  5:20  Adept x4  
  75  5:28  Blink  
  73  5:39  Probe, Protoss Ground Weapons Level 1 (Chrono Boost)  
  73  5:40  Probe  
  75  5:46  Probe  
  75  5:47  Adept x4  
  80  5:58  Probe x3  
  80  6:00  Pylon  
  81  6:11  Stalker x2  
  83  6:18  Probe x3  
  88  6:19  Pylon  
  88  6:20  Gateway  
  88  6:21  Stalker  
  88  6:23  Sentry, Gateway  
  92  6:28  Pylon  
  88  6:33  Probe x2  
  81  6:41  Sentry x2  
  81  6:43  Probe  
  81  6:45  Probe x2  
  88  6:47  Gateway  
  88  6:49  Stalker x2  
  88  6:50  Gateway  
  92  6:55  Probe  
  92  6:57  Probe x2  
  95  7:01  Pylon  
  95  7:02  Robotics Facility  
  95  7:05  Stalker  
  95  7:08  Stalker  
  99  7:11  Pylon  
  99  7:19  Probe x2, Resonating Glaives (Chrono Boost)  
  99  7:20  Probe  
  102  7:25  Pylon  
  102  7:26  Pylon  
  102  7:31  Probe  
  102  7:35  Stalker x2  
  107  7:39  Stalker  
  107  7:40  Stalker x3  
  107  7:43  Photon Cannon  
  114  7:48  Pylon  
  114  7:50  Observer  
  113  7:52  Assimilator  
  113  8:06  Adept x5  
  113  8:07  Adept  
  123  8:13  Adept x2  
  123  8:14  Immortal (Chrono Boost)  
  111  8:27  Adept x6  
  111  8:33  Adept x2  
  107  8:53  Stalker x3  
  107  8:54  Stalker x2  
  115  8:55  Stalker  
  115  9:02  Observer (Chrono Boost)  
  105  9:04  Pylon  
  95  9:11  Adept x2  
  90  9:17  Adept x4  
  90  9:23  Forge  

Tags
 
Add a new tag
Caveats
  • Supply blocks, unpowered buildings, or Contaminate may cause inaccurate times.
  • Supply counts are checked every 10 seconds.